 Dungeon Crawl Stone Soup version 0.29.1-2-gbd0b4ee654 (webtiles) character file.

Game seed: 2091737192868743412

301 anonymouscript the Chopper (level 6, 0/56 HPs)
             Began as a Minotaur Berserker on Nov 28, 2022.
             Was a Believer of Trog.
             Killed from afar by an orc wizard (6 damage)
             ... with a puff of flame
             ... on level 5 of the Dungeon on Nov 29, 2022.
             The game lasted 00:16:33 (2685 turns).

anonymouscript the Chopper (Minotaur Berserker)     Turns: 2685, Time: 00:16:33

Health: 0/56       AC:  8    Str: 24    XL:     6   Next: 14%
Magic:  5/5        EV: 12    Int:  4    God:    Trog [**....]
Gold:   150        SH:  0    Dex:  9    Spells: 5/5 levels left

rFire   . . .      SeeInvis .   a - +0 hand axe
rCold   . . .      Faith    .   (no shield)
rNeg    . . .      Spirit   .   b - +0 animal skin
rPois   .          Reflect  .   (helmet restricted)
rElec   .          Harm     .   e - +0 cloak
rCorr   .          Rampage  .   (no gloves)
Will    .....                   k - +0 pair of boots
Stlth   +.........              (no amulet)
HPRegen 0.18/turn               l - +4 ring of protection
MPRegen 0.09/turn               (no ring)

@: lethally poisoned (0 -> -1), on berserk cooldown, slowed, very slow
A: horns 2, retaliatory headbutt
a: Renounce Religion, Berserk, Trog's Hand


You were on level 5 of the Dungeon.
You worshipped Trog.
Trog was pleased with you.
You visited 1 branch of the dungeon, and saw 5 of its levels.

You collected 150 gold pieces.

Inventory:

Hand Weapons
 a - a +0 hand axe (weapon)
 h - a +0 club
 i - a +0 flail
Armour
 b - a +0 animal skin (worn)
 e - a +0 cloak (worn)
 k - a +0 pair of boots (worn)
 n - a +1 leather armour of willpower
Jewellery
 l - a +4 ring of protection (left hand)
Scrolls
 f - a scroll of immolation {unknown}
 j - a scroll of poison {unknown}
 p - a scroll of amnesia {unknown}
 q - a scroll of identify {unknown}
 s - a scroll of teleportation {unknown}
Potions
 c - 3 potions of heal wounds {unknown}
 d - 2 potions of flight {unknown}
 m - a potion of lignification {unknown}
 o - a potion of mutation {unknown}
 r - a potion of ambrosia {unknown}
 t - a potion of curing {unknown}


   Skills:
 + Level 5.4 Fighting
 + Level 5.8 Axes
 + Level 3.0 Armour
 + Level 3.7 Dodging
 + Level 1.2 Stealth


You had 5 spell levels left.
You didn't know any spells.
Your spell library was empty.

Dungeon Overview and Level Annotations

Branches:
Dungeon (5/15)             Temple (0/1) D:4

Altars:
Vehumet


Innate Abilities, Weirdness & Mutations

You have a pair of horns on your head.
You reflexively headbutt those who attack you in melee.


Message History

You hit the adder.
You kill the adder!
Trog accepts your kill.
You barely miss the orc.
The orc priest looks satisfied for a moment.
You slash the orc!
You kill the orc!
Trog accepts your kill.
A hound comes into view.
You closely miss the scorpion. The scorpion barely misses you.
You closely miss the scorpion. Something hits you but does no damage.
The scorpion stings you.
* * * LOW HITPOINT WARNING * * *
You are poisoned.
The scorpion poisons you!
You slash the scorpion! Your headbutt misses the scorpion.
The scorpion is heavily wounded.
You feel sick. Something hits you but does no damage.
The scorpion barely misses you.
You hit the scorpion.
The scorpion is almost dead.
You feel sick.
You are too berserk!
You feel sick.
You feel a strong urge to attack something.
You feel sick.
You are no longer berserk.
You are exhausted.
You feel yourself slow down.
You feel sick.
The sentinel's mark upon you fades away.
You feel sick.
You feel sick. The scorpion barely misses you. You furiously retaliate!
You headbutt the scorpion.
You kill the scorpion!
Trog accepts your kill.
You have reached level 6!
You feel sick.
A puff of flame appears from out of thin air!
The puff of flame hits you.
You die...

#. .. #. .### ####.##
..# .....h## #.#
#.ol######.##
#ool........####
##)#######....<#####.
###.#########..........
#...ol{..@.##..........
##..)################..
#.... .....#. ###...##.
##### .# ## #8


You could see a wyvern and an orc.

Vanquished Creatures
  2 scorpions
  A hound (D:4)
  An iguana (D:5)
  3 gnolls (D:2)
  5 adders
  A worm (D:5)
  4 orcs
  4 bats
  6 endoplasms
  3 giant cockroaches
  A goblin (D:1)
  A hobgoblin (D:2)
  2 quokkas (D:1)
  4 ball pythons
  2 frilled lizards
  6 kobolds
  4 rats
50 creatures vanquished.

Notes
Turn   | Place    | Note
-------+----------+-------------------------------------------
     0 | D:1      | anonymouscript the Minotaur Berserker began the quest for
                  | the Orb.
     0 | D:1      | Reached XP level 1. HP: 19/19 MP: 0/0
   249 | D:1      | Found a faded altar of an unknown god.
   367 | D:1      | Reached XP level 2. HP: 27/27 MP: 1/1
   680 | D:2      | Reached XP level 3. HP: 14/33 MP: 2/2
  1033 | D:2      | Reached ** piety under Trog
  1286 | D:2      | Found a radiant altar of Vehumet.
  1406 | D:3      | Reached XP level 4. HP: 41/41 MP: 3/3
  2157 | D:4      | Found Eligexeq's Antique Armour Emporium.
  2185 | D:4      | Found a staircase to the Ecumenical Temple.
  2356 | D:4      | Noticed a scorpion
  2372 | D:4      | Killed a scorpion
  2373 | D:4      | Reached skill level 5 in Fighting
  2373 | D:4      | Reached skill level 5 in Axes
  2373 | D:4      | Reached XP level 5. HP: 33/48 MP: 4/4
  2398 | D:4      | Noticed a black bear
  2436 | D:5      | Entered Level 5 of the Dungeon
  2655 | D:5      | Reached skill level 1 in Stealth
  2667 | D:5      | Noticed a wyvern
  2685 | D:5      | Reached XP level 6. HP: 7/56 MP: 5/5
  2685 | D:5      | Killed from afar by an orc wizard

Illustrated notes

Levels and vault maps discovered:
D:1:      dpeg_arrival_court, layout_basic, ebering_ecumenical_altar_rust,
          due_unseen_surprise
D:2:      layout_rooms, basic_altar
D:3:      layout_basic
D:4:      cheibrodos_helix_gallery, layout_basic, led_xom_imps,
          minmay_temple_entry_statues_fountains, serial_shops, shop,
          small_statue_intersection, uniq_grinder
D:5:      layout_rooms, nicolae_gozag_cash_rules_everything_around_me,
          nicolae_overflow_hidden_temple, serial_shops, nicolae_shop_waterfront,
          corexii_corridor_pit, kennysheep_generic_room_14, uniq_menkaure

Skill      XL: |  1  2  3  4  5 |
---------------+----------------+-----
Fighting       | 4 5 |  5.4
Axes           | 4 5 |  5.8
Dodging        | 3 |  3.7
Armour         | 3 |  3.0
Stealth        | 1 |  1.2

Action                   |  1- 3 |  4- 6 || total
-------------------------+-------+-------++-------
Melee: Hand axe          |    54 |    69 ||   123
       Headbutt          |     5 |    10 ||    15
Invok: Berserk           |       |     2 ||     2
  Use: Scroll            |       |     1 ||     1
Armor: Animal skin       |    10 |    36 ||    46
Dodge: Dodged            |    42 |    51 ||    93
